 Dungeon Crawl Stone Soup version 0.20.1-2-g1830e616b0 (webtiles) character file.

301 Alfie the Shooter (level 6, -8/46 HPs)
             Began as a Human Hunter on Jan 28, 2020.
             Mangled by Alfie's ghost (10 damage)
             ... on level 4 of the Dungeon.
             The game lasted 00:11:16 (2147 turns).

Alfie the Shooter (Human Hunter)                    Turns: 2147, Time: 00:11:17

Health: -8/46      AC:  4    Str: 14    XL:     6   Next: 64%
Magic:  6/6        EV: 12    Int: 11    God:
Gold:   163        SH:  0    Dex: 14    Spells: 5/5 levels left

rFire    . . .     SeeInvis .   b - +0 short sword
rCold    . . .     Gourm    .   (no shield)
rNeg     . . .     Faith    .   i - +1 leather armour
rPois    .         Spirit   .   (no helmet)
rElec    .         Reflect  .   (no cloak)
rCorr    .         Harm     .   (no gloves)
MR       .....                  (no boots)
Stlth    +.........             (no amulet)
Regen    0.2/turn               (no ring)
MPRegen  0.1/turn               (no ring)

@: no status effects
A: no striking features
a: no special abilities


You were on level 4 of the Dungeon.
You were not hungry.

You visited 1 branch of the dungeon, and saw 4 of its levels.

You collected 163 gold pieces.

Inventory:

Hand Weapons
 a - a +1 shortbow
 b - a +0 short sword (weapon)
Missiles
 c - 2 tomahawks (quivered)
 d - 48 arrows
Armour
 i - a +1 leather armour (worn)
Jewellery
 e - a +3 ring of slaying {unknown}
 j - an uncursed ring of resist corrosion {unknown}
 k - an uncursed ring of protection from fire {unknown}
 l - an uncursed ring of poison resistance {unknown}
 m - an uncursed ring of magical power {unknown}
Scrolls
 g - a scroll of teleportation
 n - a scroll of identify
 p - a scroll of remove curse
Potions
 o - a potion of brilliance {unknown}
Comestibles
 f - 3 bread rations


   Skills:
 + Level 2.6 Fighting
 + Level 0.6 Short Blades
 + Level 6.8 Bows
 + Level 1.6 Armour
 + Level 2.2 Dodging
 + Level 1.1 Stealth


You had 5 spell levels left.
You didn't know any spells.

Dungeon Overview and Level Annotations

Branches:
Dungeon (4/15)
 Temple: D:4-7

Altars:
Cheibriados
Fedhas
Nemelex Xobeh
Sif Muna

Annotations:
D:4 Alfie's ghost, amateur HuHu


Message History

Alfie's ghost hits you but does no damage.
You closely miss Alfie's ghost.
Alfie's ghost is lightly damaged.
Alfie's ghost hits you!
* * * LOW HITPOINT WARNING * * *
You closely miss Alfie's ghost.
Alfie's ghost is lightly damaged.
Alfie's ghost hits you.
* * * LOW HITPOINT WARNING * * *
You hit Alfie's ghost but do no damage.
Alfie's ghost is lightly damaged.
Alfie's ghost completely misses you.
You hit Alfie's ghost.
Alfie's ghost is lightly damaged.
Alfie's ghost hits you.
* * * LOW HITPOINT WARNING * * *
You hit Alfie's ghost but do no damage.
Alfie's ghost is lightly damaged.
Alfie's ghost hits you!
You die...

##### ###########
.....######..(.......
#...............!.
#....##.......<...
####....###..........
...!...?# ###W#######
####....#####@#
#....#.....#
###....##### ##..##
#..## #..## #.###...#
#.....#.# ###.....#
#####


You could see Alfie's ghost.

Vanquished Creatures
  The ghost of Alfie the Shooter, an amateur HuHu (D:3)
  An orc wizard (D:3)
  A bullfrog skeleton (D:4)
  A worker ant (D:4)
  6 adders
  3 worms
  3 leopard geckos
  4 orcs
  3 ball pythons
  6 bats
  4 giant cockroaches
  7 goblins
  4 hobgoblins
  13 jackals
  A quokka (D:2)
  2 frilled lizards (D:3)
  9 kobolds
  6 rats
75 creatures vanquished.

Notes
Turn   | Place    | Note
-------+----------+-------------------------------------------
     0 | D:1      | Alfie the Human Hunter began the quest for the Orb.
     0 | D:1      | Reached XP level 1. HP: 16/16 MP: 1/1
   100 | D:1      | Reached XP level 2. HP: 22/22 MP: 2/2
   665 | D:2      | Found a snail-covered altar of Cheibriados.
   697 | D:2      | Reached XP level 3. HP: 25/27 MP: 3/3
   911 | D:2      | Reached skill level 5 in Bows
   911 | D:2      | Reached XP level 4. HP: 29/34 MP: 4/4
  1087 | D:2      | Found a deep blue altar of Sif Muna.
  1321 | D:3      | Reached XP level 5. HP: 39/39 MP: 5/5
  1369 | D:3      | Noticed Alfie's ghost (amateur HuHu)
  1409 | D:4      | Found a sparkling altar of Nemelex Xobeh.
  1599 | D:3      | Killed Alfie's ghost
  1599 | D:3      | Reached skill level 6 in Bows
  1599 | D:3      | Reached skill level 1 in Armour
  1599 | D:3      | Reached XP level 6. HP: 17/46 MP: 6/6
  1723 | D:3      | Found a blossoming altar of Fedhas.
  2073 | D:4      | Noticed Alfie's ghost (amateur HuHu)
  2146 | D:4      | HP: 2/46 [Alfie's ghost (3)]
  2147 | D:4      | Mangled by Alfie's ghost

Skill      XL: |  1  2  3  4  5 |
---------------+----------------+-----
Bows           | 5 6 |  6.8
Armour         | 1 |  1.6
Fighting       | |  2.6
Short Blades   | |  0.6
Dodging        | |  2.2
Stealth        | |  1.1

Action                   |  1- 3 |  4- 6 || total
-------------------------+-------+-------++-------
Melee: Short sword       |       |    20 ||    20
 Fire: Shortbow          |    89 |   168 ||   257
  Use: Scroll            |     5 |     1 ||     6
       Potion            |       |     4 ||     4
  Eat: Meat ration       |       |     1 ||     1
Armor: Leather armour    |     6 |    26 ||    32
       Skin              |       |    10 ||    10
Dodge: Dodged            |    14 |    50 ||    64
